Map: Azurfälle LE

Players

Rick

  • Race: Terran Terran
  • League: Silver
  • Spawn Location: 7:00

Stonius - Winner!

  • Race: Zerg Zerg
  • League: Silver
  • Spawn Location: 1:00

VOD

Have the link to the VOD?

Description

Time

  • Played on: Nov. 15, 2018, 8:14 a.m.
  • Length: 12:57
Show
View Real Time Build Order
Export as new Build Order

Rick Terran 

Build Orders:  

Get SALT Encoding   

  12  0:12  SCV  
  13  0:24  SCV  
  13  0:26  Supply Depot  
  14  0:36  SCV  
  15  0:48  SCV  
  15  0:49  Barracks  
  16  0:53  Refinery  
  16  1:00  SCV  
  17  1:13  SCV  
  18  1:25  SCV  
  19  1:37  SCV  
  19  1:39  Supply Depot  
  20  1:49  SCV  
  20  1:54  Refinery  
  21  1:59  Marine  
  22  2:01  SCV  
  22  2:05  Factory  
  23  2:13  SCV  
  24  2:17  Marine  
  25  2:26  SCV  
  26  2:35  Marine  
  27  2:40  Supply Depot  
  27  2:49  Factory Tech Lab  
  27  2:51  Orbital Command  
  27  2:52  Marine  
  28  3:00  Engineering Bay  
  28  3:10  Marine  
  29  3:15  Siege Tank  
  32  3:28  Marine  
  33  3:34  Terran Infantry Weapons Level 1  
  33  4:01  Bunker  
  33  4:13  Barracks Reactor  
  33  4:24  Supply Depot  
  33  4:38  Siege Tank  
  36  4:48  Starport  
  36  4:54  Marine x2  
  36  4:56  Barracks  
  38  5:10  Siege Tank  
  38  5:12  Marine x2  
  43  5:28  Terran Infantry Armor Level 1  
  43  5:30  Starport Tech Lab, Marine x2  
  45  5:42  Command Center  
  45  5:48  Marine x2  
  47  6:10  Barracks Tech Lab  
  47  6:17  Starport  
  47  6:31  Supply Depot  
  47  6:52  SCV, Siege Tank, Marine x2  
  53  6:54  Supply Depot  
  53  6:57  Stimpack  
  53  7:01  Marine  
  53  7:05  SCV  
  55  7:10  Marine x2  
  57  7:17  SCV, Supply Depot  
  57  7:19  Marine  
  57  7:22  SCV  
  60  7:24  Siege Tank  
  60  7:27  Marine x2  
  60  7:29  SCV  
  66  7:34  SCV  
  67  7:37  Marine  
  67  7:41  SCV  
  69  7:45  Marine x2  
  69  7:46  SCV  
  69  7:49  Liberator  
  72  7:53  SCV  
  72  7:55  Marine  
  74  7:58  SCV  
  74  8:01  Supply Depot  
  74  8:03  Starport Tech Lab  
  74  8:04  Armory  
  75  8:06  SCV  
  75  8:10  SCV  
  75  8:12  Marine  
  80  8:17  Marine x2  
  80  8:18  SCV  
  84  8:23  SCV  
  84  8:24  Supply Depot  
  85  8:30  Liberator, Marine, SCV  
  87  8:35  Marine x2  
  87  8:37  Refinery  
  87  8:39  Refinery  
  89  8:42  SCV  
  89  8:48  Marine  
  94  9:06  Marine  
  86  9:20  Command Center  
  74  9:31  Widow Mine  
  76  9:41  SCV  
  73  9:52  Widow Mine  
  53  10:13  Widow Mine  
  55  10:17  Cloaking Field  
  55  10:19  Banshee x2  
  61  11:02  Banshee x2  
  67  11:09  Refinery  
  67  11:16  Siege Tank  
  69  11:34  Marine  
  69  11:35  Marine x2  
  72  11:45  Banshee x2  
  78  11:48  Siege Tank  
  78  11:52  Marine  
  78  11:53  Marine x2  
  82  12:10  Marine x3  
  85  12:17  Supply Depot  
  85  12:28  Marine x3  
  85  12:41  Supply Depot  
Show
View Real Time Build Order
Export as new Build Order

Stonius Zerg - Winner!

Build Orders: Hatch First 

Get SALT Encoding   

  12  0:01  Drone  
  13  0:12  Overlord  
  13  0:18  Drone  
  14  0:30  Drone x2  
  16  0:38  Drone  
  17  0:55  Drone  
  18  0:58  Hatchery  
  18  1:01  Extractor  
  16  1:15  Drone x2  
  18  1:20  Drone, Spawning Pool  
  18  1:36  Drone  
  19  1:46  Overlord  
  19  2:06  Queen  
  21  2:09  Queen  
  21  2:11  Zergling x6  
  21  2:13  Drone  
  27  2:16  Metabolic Boost  
  27  2:40  Drone x4  
  27  2:42  Overlord  
  31  2:50  Queen  
  33  2:51  Queen  
  35  2:59  Drone  
  35  3:02  Drone x2  
  35  3:03  Drone  
  39  3:05  Drone  
  40  3:19  Drone x4  
  44  3:22  Overlord  
  44  3:24  Overlord  
  44  3:49  Overlord  
  44  3:50  Drone x3  
  44  3:51  Drone  
  48  4:03  Hatchery, Baneling Nest  
  46  4:44  Drone x4  
  50  4:47  Extractor, Lair  
  50  4:48  Extractor  
  48  4:55  Queen  
  50  5:06  Extractor, Drone x3  
  52  5:07  Overlord  
  52  5:26  Drone x13  
  65  5:38  Drone  
  65  5:39  Overlord x2  
  65  5:40  Overlord  
  65  5:47  Zergling x2  
  66  5:57  Drone x6  
  66  5:58  Queen  
  74  6:15  Hydralisk Den, Spore Crawler  
  74  6:17  Spore Crawler  
  71  6:23  Extractor  
  70  6:25  Extractor  
  69  6:37  Hatchery  
  68  6:43  Evolution Chamber x2  
  68  6:46  Grooved Spines  
  66  6:50  Overlord x2  
  66  6:51  Overlord  
  66  6:56  Drone x11  
  77  7:19  Zerg Ground Armor Level 1, Zerg Missile Weapons Level 1  
  77  7:21  Hydralisk x7  
  77  7:22  Hydralisk x6  
  103  7:49  Overlord  
  103  7:50  Overlord  
  103  7:51  Hydralisk x12  
  103  7:55  Queen  
  129  8:01  Muscular Augments  
  129  8:06  Spore Crawler  
  129  8:08  Drone x2  
  129  8:10  Drone x9  
  139  8:13  Overlord  
  139  8:15  Pneumatized Carapace  
  139  8:17  Centrifical Hooks  
  139  8:20  Overlord x2  
  139  8:27  Overseer x2  
  139  8:51  Extractor  
  139  8:53  Extractor, Hydralisk, Spore Crawler  
  139  8:54  Hydralisk x16  
  170  9:11  Roach Warren  
  154  9:23  Hydralisk x4  
  154  9:24  Hydralisk x4  
  152  9:31  Drone x4  
  170  9:43  Zerg Ground Armor Level 2  
  158  9:46  Infestation Pit  
  125  10:03  Hydralisk  
  125  10:04  Hydralisk x8  
  143  10:11  Zergling x2  
  144  10:34  Hatchery  
  143  10:52  Hive  
  143  11:13  Drone  
  143  11:14  Drone x5, Extractor  
  143  11:15  Overlord x4  
  143  11:16  Hydralisk  
  143  11:17  Extractor, Hydralisk x13  
  175  11:25  Zergling x2  
  175  11:40  Drone x3  
  175  11:42  Spire  
  177  11:49  Queen  
  179  12:12  Spore Crawler  
  179  12:14  Spore Crawler  
  177  12:15  Spore Crawler  
Tags
 
Add a new tag
Caveats
  • Supply blocks, unpowered buildings, or Contaminate may cause inaccurate times.
  • Supply counts are checked every 10 seconds.